 Dungeon Crawl Stone Soup version 0.27-a0-808-g60bc5d92e6 (webtiles) character file.

Game seed: 4706101371347024914

35 funkygono the Magician (level 3, -4/25 HPs)
             Began as a Djinni Fire Elementalist on Mar 28, 2021.
             Shot with a stone by a hobgoblin (8 damage)
             ... on level 1 of the Dungeon.
             The game lasted 00:01:30 (1100 turns).

funkygono the Magician (Djinni Fire Elementalist)   Turns: 1100, Time: 00:01:31

Health: -4/25      AC:  2    Str:  7    XL:     3   Next: 35%
Gold:   3          EV: 12    Int: 17    God:
                   SH:  0    Dex: 13

rFire    + + .     SeeInvis .   b - +0 dagger
rCold    x . .     Faith    .   (no shield)
rNeg     . . .     Spirit   .   a - +0 robe
rPois    ∞         Reflect  .   (no helmet)
rElec    .         Harm     .   (no cloak)
rCorr    .         Rampage  .   (no gloves)
Will     .....                  (boots unavailable)
Stlth    ++........             (no amulet)
HPRegen  0.08/turn              (no ring)
MPRegen  0.00/turn              (no ring)

@: flying
A: fire resistance 2, cold vulnerability 1, float, innate caster, hp casting,
extra vitality 1
a: no special abilities


You were on level 1 of the Dungeon.
You visited 1 branch of the dungeon, and saw 1 of its levels.

You collected 3 gold pieces.

Inventory:

Hand Weapons
 b - a +0 dagger (weapon)
Armour
 a - a +0 robe (worn)
 d - a +0 ring mail
Scrolls
 c - a scroll of brand weapon {unknown}
Potions
 e - a potion of might {unknown}
 f - a potion of brilliance {unknown}


   Skills:
 + Level 2.4 Dodging
 + Level 1.8 Stealth
 + Level 3.5 Spellcasting


You couldn't memorise any spells.
You knew the following spells:

 Your Spells              Type           Power      Damage    Failure   Level
a - Foxfire               Conj/Fire      60%        2x1d7     3%          1
b - Conjure Flame         Conj/Fire      15%        6-21      12%         3
c - Inner Flame           Hex/Fire       15%        N/A       12%         3
d - Sticky Flame          Conj/Fire      15%        2d4       36%         4
e - Fireball              Conj/Fire      7%         3d5       71%         5
f - Sting                 Tmut/Pois      60%        1d6       3%          1
Your spell library was empty.

Dungeon Overview and Level Annotations

Branches:
Dungeon (1/15)

Altars:


Innate Abilities, Weirdness & Mutations

You are immune to poison.
Your flesh is very heat resistant. (rF++)
You are vulnerable to cold. (rC-)
You float through the air rather than walking.
You learn spells naturally, not from books.
Your magical power is your life essence.
You have superior vitality. (+4 HP)


Message History

A giant cockroach is nearby!
Casting: Foxfire (safe; 3% risk of failure)
Confirm with . or Enter, or press ? or * to list all spells.
You conjure some foxfire!
The foxfire hits the giant cockroach.
The giant cockroach is moderately wounded.
Casting: Foxfire (safe; 3% risk of failure)
Confirm with . or Enter, or press ? or * to list all spells.
You conjure some foxfire!
The foxfire hits the giant cockroach.
The giant cockroach is heavily wounded.
The foxfire hits the giant cockroach.
The giant cockroach is severely wounded.
The foxfire hits the giant cockroach.
You kill the giant cockroach!
You see here a giant cockroach corpse.
You see here a rat corpse.
f - a bubbling dark potion You reach down and open the door.
There is an open door here.
There is a stone staircase leading down here.
You see here a ball python corpse.
You see here a ball python corpse.
There is an open door here.
A hobgoblin comes into view.
The hobgoblin wields a +0 hunting sling.
The hobgoblin shoots a stone.
The stone hits you!
A hobgoblin comes into view.
The hobgoblin shoots a stone.
The stone hits you.
Found a cyan potion.
There is an open door here.
The hobgoblin shoots a stone.
The stone hits you!
* * * LOW HITPOINT WARNING * * *
Casting: Foxfire (safe; 3% risk of failure)
Confirm with . or Enter, or press ? or * to list all spells.
You conjure some foxfire!
* * * LOW HITPOINT WARNING * * *
The hobgoblin shouts!
You hear a shout!
The hobgoblin shoots a stone.
The stone hits you!
You die...

...#
#........#
...#
###.###..#
...#
#..##..######
...#
##.##.......#
...#
#..##.######
#### ##.##.#
#.##.#
######'##'###
#....v@..>.!#
#....v......#
#..g........#
#...........#
#.......g...#
#...........#
#...........#
#...........#


You could see 2 hobgoblins.

Vanquished Creatures
  A dart slug (D:1)
  2 ball pythons (D:1)
  2 endoplasms (D:1)
  3 giant cockroaches (D:1)
  2 goblins (D:1)
  3 hobgoblins (D:1)
  6 jackals (D:1)
  3 kobolds (D:1)
  A quokka (D:1)
  A bat (D:1)
  3 rats (D:1)
27 creatures vanquished.

Vanquished Creatures (others)
  76 foxfires (D:1)
76 creatures vanquished.

Grand Total: 103 creatures vanquished

Notes
Turn   | Place    | Note
-------+----------+-------------------------------------------
     0 | D:1      | funkygono the Djinni Fire Elementalist began the quest for
                  | the Orb.
     0 | D:1      | Reached XP level 1. HP: 15/15 MP: 0/0
   109 | D:1      | Reached skill level 3 in Spellcasting
   109 | D:1      | Reached XP level 2. HP: 16/21 MP: 0/0
   662 | D:1      | Reached XP level 3. HP: 17/25 MP: 0/0
   662 | D:1      | Learned a level 1 spell: Sting
  1100 | D:1      | Shot with a stone by a hobgoblin

Illustrated notes

Levels and vault maps discovered:
D:1:      scummos_arrival_checkerplants, layout_basic

Skill      XL: |  1 |
---------------+----+-----
Spellcasting   | 3 |  3.5
Dodging        | |  2.4
Stealth        | |  1.8

Action                   || total
-------------------------++-------
 Cast: Foxfire           ||    46
Dodge: Dodged            ||     2

Table legend: (Time is in decaauts)
 A = Elapsed time spent in this place.
 B = Non-inter-level travel time spent in this place.
 C = Inter-level travel time spent in this place.
 D = Time resting spent in this place.
 E = Time spent auto-exploring this place.
 F = Levels seen in this place.
 G = Mean time per level.
                   A        B        C        D        E       F      G
               +--------+--------+--------+--------+--------+-----+--------+
         Total |   1099 |   1099 |      0 |      0 |    970 |   1 | 1099.0 |
       Dungeon |   1099 |   1099 |      0 |      0 |    970 |   1 | 1099.0 |
               +--------+--------+--------+--------+--------+-----+--------+

Top non-repeatable levels by time:
     D:1: 1099 daAuts
